 Dungeon Crawl Stone Soup version 0.21.1-1-g345015f (webtiles) character file.

179 empire the Slasher (level 5, 0/45 HPs)
             Began as a Minotaur Fighter on May 25, 2018.
             Slain by Grinder (6 damage)
             ... on level 3 of the Dungeon.
             The game lasted 00:04:10 (2011 turns).

empire the Slasher (Minotaur Fighter)               Turns: 2011, Time: 00:04:10

Health: 0/45       AC: 12    Str: 22    XL:     5   Next: 33%
Magic:  4/4        EV:  8    Int:  8    God:
Gold:   181        SH:  9    Dex:  9    Spells: 4/4 levels left

rFire    . . .     SeeInvis .   a - +0 long sword
rCold    . . .     Gourm    .   c - +0 shield
rNeg     . . .     Faith    .   h - +4 ring mail
rPois    +         Spirit   .   (helmet restricted)
rElec    .         Reflect  .   t - +1 cloak {rPois}
rCorr    .         Harm     .   (no gloves)
MR       .....                  (no boots)
Stlth    ..........             (no amulet)
HPRegen  0.15/turn              u - +3 ring of intelligence
MPRegen  0.09/turn              (no ring)

@: no status effects
A: retaliatory headbutt, horns 2
a: no special abilities


You were on level 3 of the Dungeon.
You were not hungry.

You visited 1 branch of the dungeon, and saw 3 of its levels.

You collected 181 gold pieces.

Inventory:

Hand Weapons
 a - a +0 long sword (weapon)
 s - a +4 quarterstaff of chaos
Armour
 c - a +0 shield (worn)
 h - a +4 ring mail (worn)
 t - a +1 cloak of poison resistance (worn)
Jewellery
 u - a +3 ring of intelligence (left hand)
Wands
 p - a wand of flame (21)
Scrolls
 j - a scroll of enchant armour {unknown}
 k - a scroll of remove curse {unknown}
 m - 2 scrolls of teleportation {unknown}
 n - a scroll of identify {unknown}
 q - a scroll of blinking {unknown}
Potions
 b - a potion of heal wounds {unknown}
 d - 2 potions of might
 e - 4 potions of agility {unknown}
 i - 2 potions of mutation {unknown}
 l - 2 potions of degeneration {unknown}
 o - a potion of invisibility {unknown}
 r - a potion of flight {unknown}
Comestibles
 f - 9 rations
 g - a chunk of flesh


   Skills:
 - Level 3.6 Fighting
 * Level 5.7 Long Blades
 + Level 5.1 Armour
 - Level 3.6 Shields


You had 4 spell levels left.
You didn't know any spells.

Dungeon Overview and Level Annotations

Branches:
Dungeon (3/15)

Altars:
Dithmenos
Fedhas
Makhleb

Annotations:
D:3 Grinder


Innate Abilities, Weirdness & Mutations

You reflexively headbutt those who attack you in melee.
You have a pair of horns on your head.


Message History

You closely miss Grinder.
Grinder is moderately wounded.
Grinder blinks!
Grinder blinks!
Grinder barely misses you.
You riposte.
You slash Grinder! Your headbutt misses Grinder.
Grinder is severely wounded.
Your shield prevents you from hitting Grinder.
Grinder is severely wounded.
Grinder hits you.
You writhe in agony.
* * * LOW HITPOINT WARNING * * *
You hit Grinder but do no damage.
Grinder is severely wounded.
Grinder hits you but does no damage.
Grinder blinks!
You hit Grinder.
Grinder is severely wounded.
Grinder hits you!
* * * LOW HITPOINT WARNING * * *
You writhe in agony.
You die...

....§......#..####...#
.### ####...........#
.######..............#
............>........#
.####.#.#####........#
....#.#.#####.....#.#####
.......<#.........._.....
###.#.#.....#...5.#.#####
#.#.#.#.#.#...@...#
#.#.#.#.# #...§.###
###.#.#.#.#.......'..
......#.#.#.#.....####
###.###.#.#######.#
#......)##.≈≈≈###
#..###..#.≈≈≈##
#..###..'..._∩#
#.......#.≈≈≈##


You could see Grinder.

Vanquished Creatures
  A crimson imp (D:3)
  A bullfrog skeleton (D:3)
  Crazy Yiuf (D:2)
  3 adders (D:2)
  A worm (D:2)
  A dart slug (D:2)
  5 leopard geckos
  4 orcs (D:3)
  2 giant cockroaches
  2 goblins (D:1)
  7 hobgoblins
  7 kobolds
  A quokka (D:2)
  A ball python (D:1)
  6 bats
  4 frilled lizards
  4 rats
51 creatures vanquished.

Notes
Turn   | Place    | Note
-------+----------+-------------------------------------------
     0 | D:1      | empire the Minotaur Fighter began the quest for the Orb.
     0 | D:1      | Reached XP level 1. HP: 19/19 MP: 0/0
   201 | D:1      | Reached XP level 2. HP: 26/26 MP: 1/1
   654 | D:1      | Reached XP level 3. HP: 31/31 MP: 2/2
  1166 | D:2      | Reached XP level 4. HP: 39/39 MP: 3/3
  1319 | D:2      | Found a runed door.
  1382 | D:2      | Noticed Crazy Yiuf
  1387 | D:2      | Killed Crazy Yiuf
  1387 | D:2      | Reached skill level 5 in Long Blades
  1686 | D:3      | Found a burning altar of Makhleb.
  1690 | D:3      | Reached XP level 5. HP: 30/45 MP: 4/4
  1728 | D:3      | Found a shadowy altar of Dithmenos.
  1955 | D:3      | Reached skill level 5 in Armour
  1970 | D:3      | Noticed Grinder
  1972 | D:3      | Found a blossoming altar of Fedhas.
  2011 | D:3      | Slain by Grinder

Skill      XL: |  1  2  3  4  5 |
---------------+----------------+-----
Long Blades    | 3 4 5 |  5.7
Armour         | 4 5 |  5.1
Fighting       | |  3.6
Shields        | |  3.6

Action                   |  1- 3 |  4- 6 || total
-------------------------+-------+-------++-------
Melee: Long sword        |   103 |    46 ||   149
       Headbutt          |    14 |     5 ||    19
  Eat: Chunk             |     1 |     3 ||     4
Armor: Scale mail        |    35 |       ||    35
       Ring mail         |       |    14 ||    14
Dodge: Dodged            |    32 |    18 ||    50
Block: Shield            |    58 |    16 ||    74
       Rpst.: Long sword |     7 |     4 ||    11
